 Dungeon Crawl Stone Soup version 0.28.0-53-g5a82cb258f (webtiles) character file.

Game seed: 3309317497694070680

3856 H0rd4k the Nimble (level 10, -3/76 HPs)
             Began as a Human Artificer on Aug 9, 2022.
             Was an Initiate of Gozag.
             Slain by a gargoyle
             ... wielding a +0 mace
              (8 damage)
             ... on level 10 of the Dungeon.
             The game lasted 00:09:41 (11100 turns).

H0rd4k the Nimble (Human Artificer)                Turns: 11100, Time: 00:09:43

Health: -3/76      AC:  5    Str: 18    XL:     10   Next: 41%
Magic:  0/17       EV: 15    Int: 17    God:    Gozag
Gold:   822        SH:  0    Dex: 13    Spells: 18/18 levels left

rFire   . . .      SeeInvis +   C - +2 dagger (venom)
rCold   . . .      Faith    .   (no shield)
rNeg    . . .      Spirit   +   b - +0 leather armour
rPois   .          Reflect  .   o - +0 helmet
rElec   .          Harm     .   (no cloak)
rCorr   .          Rampage  .   r - +0 pair of gloves
Will    .....                   (no boots)
Stlth   +.........              f - amulet of guardian spirit
HPRegen 0.22/turn               A - +6 ring of strength
MPRegen 0.15/turn               m - ring of see invisible

@: attractive
A: no striking features
a: Renounce Religion, Potion Petition, Call Merchant, Bribe Branch


You were on level 10 of the Dungeon.
You worshipped Gozag.
Gozag was pleased with you.
You visited 2 branches of the dungeon, and saw 11 of its levels.

You collected 868 gold pieces.
You paid 46 gold pieces to Gozag.

Inventory:

Hand Weapons
 a - a +0 club
 i - a +1 dagger of draining
 q - a +0 hunting sling of freezing
 C - a +2 dagger of venom (weapon)
Missiles
 L - 23 poisoned darts
Armour
 b - a +0 leather armour (worn)
 o - a +0 helmet (worn)
 r - a +0 pair of gloves (worn)
 y - an orb of mayhem
Jewellery
 f - an amulet of guardian spirit (around neck)
 m - a ring of see invisible (right hand)
 A - a +6 ring of strength (left hand)
 J - a ring of magical power
 K - a ring of positive energy
Wands
 F - a wand of digging (7)
Scrolls
 p - a scroll of noise {unknown}
 s - a scroll of vulnerability
 t - a scroll of immolation {unknown}
 u - a scroll of acquirement {unknown}
 w - 5 scrolls of identify {unknown}
 z - a scroll of brand weapon {unknown}
 B - a scroll of silence {unknown}
 E - 2 scrolls of teleportation {unknown}
 G - a scroll of fear {unknown}
 I - a scroll of enchant armour {unknown}
 M - a scroll of blinking {unknown}
 O - a scroll of amnesia {unknown}
Potions
 c - 2 potions of resistance {unknown}
 g - 4 potions of lignification
 h - 3 potions of brilliance
 j - a potion of invisibility
 l - a potion of flight
 n - a potion of degeneration {unknown}
 v - a potion of ambrosia {unknown}
 x - 2 potions of attraction
 D - a potion of heal wounds {unknown}
 N - a potion of haste {unknown}
Miscellaneous
 e - a piece from Xom's chessboard (15/15)


   Skills:
 + Level 6.3 Fighting
 - Level 6.7 Short Blades
 - Level 1.0 Maces & Flails
 - Level 2.0 Armour
 + Level 8.3 Dodging
 - Level 1.0 Stealth
 * Level 4.8 Spellcasting
 + Level 5.2 Evocations


You had 18 spell levels left.
You didn't know any spells.
Your spell library contained the following spells:

 Spells                   Type           Power      Damage    Failure   Level
 Animate Skeleton         Necr           8%         N/A       17%         1
 Pain                     Necr           16%        1d4       17%         1
 Vampiric Draining        Necr           4%         2d6       45%         3


Dungeon Overview and Level Annotations

Branches:
Dungeon (10/15)            Temple (1/1) D:4
   Lair: D:8-11         Orc: D:9-12

Altars:
Ashenzari
Cheibriados
Dithmenos
Elyvilon
Fedhas
Gozag
Hepliaklqana
Kikubaaqudgha
Makhleb
Nemelex Xobeh
Okawaru
Qazlal
Ru
Sif Muna
Trog
Uskayaw
Vehumet
Wu Jian
Xom
Yredelemnul
Zin
The Shining One

Shops:
D:3 *

Annotations:
D:3 1 runed translucent door, exclusion: door, Crazy Yiuf
D:4 exclusion: 2 downstairs
D:9 Harold, Joseph
D:10 exclusion: upstairs, Erolcha


Message History

As you read the scroll labelled TYSOLIRGHACS, it crumbles to dust.
Magic quickly surges around you.
It was a scroll of vulnerability.
The orc warrior hits you with a +0 war axe!
* * * LOW HITPOINT WARNING * * *
The howler monkey zombie hits you but does no damage.
Unknown command.
It was a potion of lignification.
You turn into a tree.
Your +0 helmet melds into your body.
Your +0 pair of gloves melds into your body.
Your +0 leather armour melds into your body.
Your roots penetrate the ground.
The orc warrior hits you but does no damage.
The howler monkey zombie hits you but does no damage.
It was a potion of brilliance.
You feel clever all of a sudden.
The orc warrior hits you but does no damage.
The howler monkey zombie hits you but does no damage.
It was a potion of invisibility.
You fade into invisibility!
The orc warrior hits you but does no damage.
The howler monkey zombie hits you but does no damage.
It was a potion of flight.
Your roots keep you in place.
The orc warrior hits you with a +0 war axe.
* * * LOW HITPOINT WARNING * * *
It was a potion of attraction.
You feel attractive to monsters.
The orc warrior hits you but does no damage.
It was a potion of cancellation.
Your magical effects are unravelling.
You feel magically purged.
You feel less wooden.
Your +0 helmet unmelds from your body.
Your +0 pair of gloves unmelds from your body.
Your +0 leather armour unmelds from your body.
You flicker back into view.
You feel a little less clever now.
You feel your willpower return.
Erolcha the Cunning comes into view.
She is wielding a +0 spectral giant club and carrying a wand of acid (4).
The gargoyle hits you with a +0 mace!
You die...
Your body crumbles into a pile of gold.

##.#.# .# #######
#.#.# .# #.....#
#[#'####'## ##.##$#
#.....>...# #$##.##
#....)....# #..#..#
#<........###.##.##
#........###.9#.Z#
#.....#######.##9#
#.....'....#$##@##
##....####....#.oxO.#
#......# #.##########
#......# #.# #......#
#.# ######## #'# ...
... ...


You could see Erolcha, an unseen horror (invisible, weak-willed), an orc warrior
(weak-willed), a gargoyle (weak-willed) and a howler monkey zombie
(weak-willed).

Vanquished Creatures
  Pikel (D:7)
  A centaur zombie (D:10)
  A troll (D:10)
  A water moccasin (D:8)
  4 black bears
  A necrophage (D:7)
  3 ice beasts
  3 ogres
  2 centaurs
  A phantom (D:6)
  A bullfrog (D:7)
  2 kobold brigands
  3 scorpions
  A wyvern zombie (D:5)
  4 howler monkeys
  2 bullfrog zombies (D:6)
  2 orc priests
  3 hounds
  A jelly (D:6)
  2 iguanas
  4 orc wizards
  3 howler monkey zombies
  A howler monkey skeleton (D:7)
  4 adders
  A white imp (D:8)
  An ufetubus (D:5)
  An adder skeleton (D:5)
  3 worms
  3 dart slugs
  8 orcs
  7 endoplasms
  2 giant cockroaches
  8 goblins
  9 hobgoblins
  7 jackals (D:2)
  15 kobolds
  2 quokkas (D:2)
  6 ball pythons
  8 bats
  4 frilled lizards
  6 rats
142 creatures vanquished.

Vanquished Creatures (collateral kills)
  A wyvern (D:10)
  A hornet zombie (D:5)
  A black bear (D:7)
  A howler monkey (D:10)
  An adder (D:5)
  An ufetubus (D:5)
  An orc (D:5)
7 creatures vanquished.

Vanquished Creatures (others)
  A meliai zombie (D:10)
  A vampire mosquito (D:10)
  A hound (D:5)
  An iguana (D:5)
  An adder (D:5)
5 creatures vanquished.

Grand Total: 154 creatures vanquished

Notes
Turn   | Place    | Note
-------+----------+-------------------------------------------
     0 | D:1      | H0rd4k the Human Artificer began the quest for the Orb.
     0 | D:1      | Reached XP level 1. HP: 15/15 MP: 1/1
   161 | D:1      | Reached XP level 2. HP: 4/21 MP: 2/2
  1438 | D:2      | Reached XP level 3. HP: 21/26 MP: 3/3
  1966 | D:2      | Reached XP level 4. HP: 20/32 MP: 4/4
  2223 | D:2      | Reached skill level 1 in Short Blades
  2566 | D:2      | Reached skill level 2 in Dodging
  2871 | D:3      | Found a faded altar of an unknown god.
  2875 | D:3      | Reached skill level 1 in Maces & Flails
  3346 | D:3      | Found a runed translucent door.
  3347 | D:3      | Noticed Crazy Yiuf
  3544 | D:3      | Found Olewic's General Store.
  4007 | D:4      | Reached XP level 5. HP: 33/38 MP: 5/5
  4112 | D:4      | Found a staircase to the Ecumenical Temple.
  4113 | D:4      | You fall into a shaft and drop 2 floors!
  4139 | D:5      | Entered Level 5 of the Dungeon
  4143 | D:5      | Noticed a two-headed ogre
  4166 | D:5      | Reached skill level 3 in Dodging
  4166 | D:5      | Reached XP level 6. HP: 46/46 MP: 6/6
  4185 | D:5      | Noticed an ice beast
  4314 | Temple   | Entered the Ecumenical Temple
  4526 | Temple   | Became a worshipper of Gozag Ym Sagoz the Greedy
  4718 | D:4      | Found a bloodstained altar of Trog.
  4718 | D:4      | Found a sacrificial altar of Ru.
  4718 | D:4      | Found a glowing silver altar of Zin.
  4792 | D:4      | Reached XP level 7. HP: 31/51 MP: 7/7
  5062 | D:5      | Reached skill level 4 in Dodging
  5438 | D:5      | Found a hazy altar of Hepliaklqana.
  5463 | D:5      | Reached skill level 5 in Dodging
  5560 | D:5      | Reached XP level 8. HP: 45/59 MP: 8/8
  5933 | D:5      | Found a snail-covered altar of Cheibriados.
  5967 | D:5      | Found a broken altar of Ashenzari.
  6250 | D:6      | Found an ornate altar of the Wu Jian Council.
  6364 | D:6      | Reached skill level 1 in Spellcasting
  6881 | D:6      | Reached skill level 6 in Dodging
  7094 | D:6      | Reached skill level 5 in Short Blades
  7606 | D:7      | Reached XP level 9. HP: 55/65 MP: 10/12
  8230 | D:7      | Noticed Pikel
  8317 | D:7      | Killed Pikel
  8553 | D:7      | Reached skill level 5 in Fighting
  8553 | D:7      | Reached skill level 7 in Dodging
  9303 | D:8      | Reached XP level 10. HP: 67/74 MP: 12/16
  9478 | D:8      | Reached skill level 5 in Evocations
  9592 | D:8      | Found a hazy altar of Hepliaklqana.
  9911 | D:9      | Noticed Harold
  9952 | D:9      | Noticed Joseph
  9956 | D:10     | Entered Level 10 of the Dungeon
 10101 | D:10     | Noticed a gargoyle
 10453 | D:10     | Reached skill level 8 in Dodging
 11093 | D:10     | Noticed an unseen horror
 11100 | D:10     | Noticed Erolcha
 11100 | D:10     | Slain by a gargoyle

Illustrated notes

Levels and vault maps discovered:
D:1:      grunt_arrival_crossed_arrows, layout_loops_ring
D:2:      minmay_diamond_boxcup, layout_loops_ring, hex_large
D:3:      layout_basic, hellmonk_ecumenical_altar_run_dry, serial_shops,
          nicolae_shop_advertising_works [nicolae_subvault_shop_adworks],
          uniq_crazy_yiuf_cottage
D:4:      layout_rooms, gammafunk_temple_overflow_claw,
          minmay_temple_entry_crystal_x, serial_curves, eino_curves_03,
          eino_curves_01
D:5:      layout_rooms, ashenzari_altar_1, mainiacjoe_overflow_brackets,
          minmay_ruined_shrine
D:6:      layout_loops_ring, nzn_wu_jian_contemplation
D:7:      layout_cave_pools, uniq_pikel
D:8:      layout_loops_ring, kennysheep_little_box,
          hangedman_abyss_or_decor_stabs, lemuel_flamethrower_2
D:9:      layout_basic, uniq_joseph, uniq_maggie, uniq_harold
D:10:     minmay_angry_zag, layout_basic, erik_lair_dragon,
          nicolae_trove_entry_isolated, uniq_erolcha
Temple:   regret_index_temple_generic_petals

Skill      XL: |  1  2  3  4  5  6  7  8  9 10 |
---------------+-------------------------------+-----
Short Blades   | 1 2 3 4 5 6 |  6.7
Dodging        | 2 3 5 6 7 8 |  8.3
Maces & Flails | 1 |  1.0
Fighting       | 2 3 4 5 6 |  6.3
Evocations     | 4 5 |  5.2
Spellcasting   | 2 4 |  4.8
Armour         | |  2.0
Stealth        | |  1.0

Action                   |  1- 3 |  4- 6 |  7- 9 | 10-12 || total
-------------------------+-------+-------+-------+-------++-------
Melee: Club              |    41 |       |       |       ||    41
       Dagger            |    91 |   152 |   411 |   110 ||   764
       Punch             |     1 |     1 |    10 |     3 ||    15
Evoke: Wand              |     5 |     4 |    17 |     9 ||    35
       Piece from Xom's  |       |       |       |     1 ||     1
  Use: Potion            |       |       |       |     6 ||     6
       Scroll            |       |       |       |     1 ||     1
 Stab: Sleeping          |     2 |     3 |     2 |       ||     7
       Paralysed         |       |       |       |     2 ||     2
Armor: Leather armour    |    46 |    53 |   108 |    25 ||   232
       Skin              |       |       |       |     7 ||     7
Dodge: Dodged            |    84 |   123 |   257 |    70 ||   534
